Oilers vs Flyers (R1)

Created - 25 novembre 2015 at 23:12

Goals
1 2 3 T
Oilers 0 1 2 3
Flyers 0 1 0 1
Shots
1 2 3 T
Oilers 13 6 10 29
Flyers 3 13 13 29

1st period

No Goal

Penalties :
Jeff Carter (Phi) for Hooking (Minor) at 8:28, Brian Sutherby (Edm) for High sticking (Minor) at 11:46, Jeff Carter (Phi) for Holding Stick (Minor) at 16:00

2nd period

1. Flyers , Jeff Carter 9 (Jonathan Ericsson, Dany Heatley) at 0:26
2. Oilers , Brett Clark 1 (Adam Burish) at 0:59

Penalties :
Paul Stastny (Edm) for Hooking (Minor) at 7:51, Wayne Simmonds (Edm) for Slashing (Minor) at 12:37, Tomas Fleischmann (Edm) for Interference (Minor) at 14:48

3rd period

3. Oilers , Patrick Kane 10 (Ian White, Zach Bogosian) at 9:49 (PP)
4. Oilers , Ilya Kovalchuk 8 (Brett Clark, David Hale) at 10:47 (PP)

Penalties :
Adam Burish (Edm) for Holding (Minor) at 0:19, Matt Smaby (Phi) for Holding (Minor) at 3:45, Stephane Robidas (Phi) for High sticking (Minor) at 8:59, Dany Heatley (Phi) for Slashing (Minor) at 10:31

Goalie Stats

Al Montoya (Edm), 28 saves from 29 shots - (0,966), W, 1-0-0, 60:00 minutes
Robin Lehner (Phi), 26 saves from 29 shots - (0,897), L, 8-4-2, 60:00 minutes

Players Stats for Oilers

Player Name              G  A  P  +/- PIM S  H  SB GA TA FO     MP     PP MP  PK MP  
------------------------------------------------------------------------------------
Adam Burish              0  1  1   0  2   2  4  0  1  0  2/4    18:01   2:34   1:24 
Brett Clark              1  1  2   1  0   1  1  0  1  0  0/0    19:42   1:20   4:50 
Brian Sutherby           0  0  0   0  2   3  0  0  0  0  0/3    10:00   0:00   3:34 
David Hale               0  1  1   1  0   0  0  0  0  2  0/0    19:38   1:20   4:50 
Evgeny Dadonov           0  0  0   0  0   0  0  0  0  0  0/0     6:56   0:00   0:27 
Ian White                0  1  1  -1  0   4  0  0  0  0  0/0    28:33   5:43   5:05 
Ilya Kovalchuk           1  0  1   0  0   3  0  0  1  1  0/0    21:34   2:34   4:51 
Jonathan Toews           0  0  0   0  0   4  2  0  0  0  7/14   18:16   4:29   0:46 
Patrick Kaleta           0  0  0   0  0   1  0  0  0  0  0/0     9:12   0:00   0:00 
Patrick Kane             1  0  1   0  0   9  2  0  0  0  0/2    17:30   4:29   0:00 
Paul Stastny             0  0  0   0  2   1  3  0  0  0  15/32  16:53   2:34   0:00 
Peter Regin              0  0  0   0  0   0  1  0  0  1  4/7    13:58   0:00   4:22 
Rob Scuderi              0  0  0   0  0   0  0  1  0  0  0/0    16:44   0:00   5:05 
Steve Begin              0  0  0   0  0   0  1  0  0  0  0/0    13:49   0:00   4:26 
T.J. Fast                0  0  0   0  0   0  0  3  0  0  0/0    11:49   0:00   0:00 
Tomas Fleischmann        0  0  0   0  2   0  3  0  0  0  0/0    17:21   4:29   0:00 
Wayne Simmonds           0  0  0   0  2   0  1  0  0  1  0/0     6:30   0:00   0:00 
Zach Bogosian            0  1  1  -1  0   1  0  1  0  1  0/0    23:34   5:43   0:00 

Players Stats for Flyers

Player Name              G  A  P  +/- PIM S  H  SB GA TA FO     MP     PP MP  PK MP  
------------------------------------------------------------------------------------
Alexandre Picard         0  0  0   0  0   1  2  0  0  0  0/0    12:55   1:27   0:43 
Blake Wheeler            0  0  0   0  0   0  0  0  0  0  0/0    21:28   4:48   2:17 
Dany Heatley             0  1  1   0  2   0  2  0  1  0  1/1    20:31   5:07   3:42 
Jeff Carter              1  0  1   0  4   6  1  0  0  0  7/14   17:36   4:50   0:32 
Jeff O'Neill             0  0  0   0  0   2  0  0  0  0  7/12    9:20   0:21   0:23 
Jeff Woywitka            0  0  0   0  0   1  1  3  0  2  0/0    25:31   4:11   4:18 
Jonathan Ericsson        0  1  1   0  0   1  3  2  0  0  0/0    24:11   5:34   3:39 
Kyle Wellwood            0  0  0   0  0   4  0  0  1  0  12/21  21:22   4:44   2:17 
Martin St. Louis         0  0  0   0  0   2  1  0  0  0  0/1    16:33   4:50   0:00 
Matt Smaby               0  0  0   0  2   4  4  2  0  0  0/0    23:00   4:13   2:02 
Matthew Lombardi         0  0  0   0  0   1  0  1  0  0  5/10   12:13   0:00   3:51 
Michael Ryder            0  0  0   0  0   2  1  0  0  0  0/1     8:51   0:17   0:00 
Mike York                0  0  0   0  0   3  0  0  1  0  0/0     9:47   0:04   1:04 
Patrick Marleau          0  0  0   0  0   1  1  0  1  0  2/2    18:32   4:44   0:00 
Robyn Regehr             0  0  0   0  0   0  0  0  0  0  0/0    10:45   0:00   0:00 
Rostislav Olesz          0  0  0   0  0   1  1  0  2  0  0/0     8:19   0:00   0:00 
Stefan Ruzicka           0  0  0   0  0   0  0  0  0  0  0/0     8:19   0:00   0:00 
Stephane Robidas         0  0  0   0  2   0  4  3  0  1  0/0    23:39   4:25   3:24 

3 Stars

1 - Al Montoya (Edm)
2 - Brett Clark (Edm)
3 - Patrick Kane (Edm)

Power Play

Oilers - 2 on 5 Attempt(s) - 40,00%
Flyers - 0 on 5 Attempt(s) - 0,00%

Penalty Kill

Oilers - 5 on 5 Attempt(s) - 100,00% - Score 0 goal in Penalty Kill
Flyers - 3 on 5 Attempt(s) - 60,00% - Score 0 goal in Penalty Kill

Team Stat

Oilers - Hits : 18 - Faceoff Wins : 28 - Blocked Shots : 5 - Penalty Minutes : 10
Flyers - Hits : 21 - Faceoff Wins : 34 - Blocked Shots : 11 - Penalty Minutes : 10

Official

Referees : Charron Francis and Peel Tim
Linesman : Mark Wheler and Shane Heyer

Game Notes

No Game Note

Finance

Level 1 -- Attendance: 6000 (100,00%) -- Ticket Income 510 000 $
Level 2 -- Attendance: 5000 (100,00%) -- Ticket Income 250 000 $
Level 3 -- Attendance: 2000 (100,00%) -- Ticket Income 60 000 $
Level 4 -- Attendance: 4000 (100,00%) -- Ticket Income 80 000 $
Luxury Box -- Attendance: 895 (89,50%) -- Ticket Income 147 675 $
Game was played at the Wells Fargo Center'
Total Attendance: 17895 (99,42%)
Total Ticket Income: 1 047 675 $
Other Income: 157 151 $
Total Income: 1 204 826 $

Oilers

5 vs 5 Forward 
   Center                   Left Wing                Right Wing               Time % Phy DF OF 
 1 Paul Stastny             Ilya Kovalchuk           Adam Burish              38     1   2  2  
 2 Jonathan Toews           Tomas Fleischmann        Patrick Kane             37     1   2  2  
 3 Peter Regin              Steve Begin              Patrick Kaleta           15     1   2  2  
 4 Brian Sutherby           Evgeny Dadonov           Wayne Simmonds           10     1   2  2  

5 vs 5 Defense 
   Defense                  Defense                                           Time % Phy DF OF 
 1 Ian White                Zach Bogosian                                     40     1   2  2  
 2 Brett Clark              David Hale                                        30     1   2  2  
 3 T.J. Fast                Rob Scuderi                                       25     1   2  2  
 4 Ian White                Rob Scuderi                                       5      1   2  2  

PowerPlay Forward 
   Center                   Left Wing                Right Wing               Time % Phy DF OF 
 1 Paul Stastny             Ilya Kovalchuk           Adam Burish              50     0   2  3  
 2 Jonathan Toews           Tomas Fleischmann        Patrick Kane             50     0   2  3  

PowerPlay Defense
   Defense                  Defense                                           Time % Phy DF OF 
 1 Ian White                Zach Bogosian                                     55     1   2  2  
 2 Brett Clark              David Hale                                        45     1   2  2  

Penalty Kill 4 Players Forward 
   Center                   Wing                     Time % Phy DF OF 
 1 Peter Regin              Ilya Kovalchuk           50     1   3  1  
 2 Brian Sutherby           Steve Begin              50     1   3  1  

Penalty Kill 4 Players Defense
   Defense                  Defense                  Time % Phy DF OF 
 1 Ian White                Rob Scuderi              50     1   3  1  
 2 Brett Clark              David Hale               50     1   3  1  

Penalty Kill - 3 Players Forward 
   Forward                                           Time % Phy DF OF 
 1 Ilya Kovalchuk                                    50     1   4  0  
 2 Jonathan Toews                                    50     1   4  0  

Penalty Kill - 3 Players Defense
   Defense                  Defense                  Time % Phy DF OF 
 1 Ian White                Rob Scuderi              50     1   4  0  
 2 Brett Clark              David Hale               50     1   4  0  

4 vs 4 Forward 
   Center                   Wing                     Time % Phy DF OF 
 1 Paul Stastny             Ilya Kovalchuk           50     1   2  2  
 2 Jonathan Toews           Patrick Kane             50     1   2  2  

4 vs 4 Defense
   Defense                  Defense                  Time % Phy DF OF 
 1 Ian White                Zach Bogosian            50     1   2  2  
 2 Brett Clark              Rob Scuderi              50     1   2  2  

Last Minutes Offensive
   Center                   Left Wing                Right Wing               Defense                  Defense                  
   Jonathan Toews           Ilya Kovalchuk           Patrick Kane             Ian White                Zach Bogosian            

Last Minutes Defensive
   Center                   Left Wing                Right Wing               Defense                  Defense                  
   Jonathan Toews           Ilya Kovalchuk           Patrick Kane             Ian White                Rob Scuderi              

Goaltenders
Starting : Al Montoya               
Backup : Cam Ward                 

Extra Forwards
Normal : Jonathan Toews, Ilya Kovalchuk, Patrick Kane - PP : Wayne Simmonds, Patrick Kaleta - PK : Adam Burish
Extra Defensemen
Normal : Rob Scuderi, T.J. Fast, Ian White - PP : Rob Scuderi - PK : Zach Bogosian, T.J. Fast
Penalty Shots
Patrick Kane, Ilya Kovalchuk, Jonathan Toews, Paul Stastny, Adam Burish

Flyers

5 vs 5 Forward 
   Center                   Left Wing                Right Wing               Time % Phy DF OF 
 1 Kyle Wellwood            Patrick Marleau          Blake Wheeler            40     1   0  4  
 2 Jeff Carter              Dany Heatley             Martin St. Louis         30     0   0  5  
 3 Matthew Lombardi         Rostislav Olesz          Stefan Ruzicka           15     0   3  2  
 4 Jeff O'Neill             Mike York                Michael Ryder            15     0   5  0  

5 vs 5 Defense 
   Defense                  Defense                                           Time % Phy DF OF 
 1 Stephane Robidas         Jonathan Ericsson                                 40     1   2  2  
 2 Jeff Woywitka            Matt Smaby                                        40     1   2  2  
 3 Alexandre Picard         Robyn Regehr                                      15     1   4  0  
 4 Jonathan Ericsson        Jeff Woywitka                                     5      1   2  2  

PowerPlay Forward 
   Center                   Left Wing                Right Wing               Time % Phy DF OF 
 1 Jeff Carter              Dany Heatley             Martin St. Louis         50     1   2  2  
 2 Kyle Wellwood            Patrick Marleau          Blake Wheeler            50     1   2  2  

PowerPlay Defense
   Defense                  Defense                                           Time % Phy DF OF 
 1 Jonathan Ericsson        Jeff Woywitka                                     50     1   2  2  
 2 Stephane Robidas         Matt Smaby                                        50     1   2  2  

Penalty Kill 4 Players Forward 
   Center                   Wing                     Time % Phy DF OF 
 1 Matthew Lombardi         Dany Heatley             60     0   5  0  
 2 Kyle Wellwood            Blake Wheeler            40     0   5  0  

Penalty Kill 4 Players Defense
   Defense                  Defense                  Time % Phy DF OF 
 1 Jeff Woywitka            Stephane Robidas         60     0   5  0  
 2 Jonathan Ericsson        Matt Smaby               40     0   5  0  

Penalty Kill - 3 Players Forward 
   Forward                                           Time % Phy DF OF 
 1 Matthew Lombardi                                  60     0   5  0  
 2 Kyle Wellwood                                     40     0   5  0  

Penalty Kill - 3 Players Defense
   Defense                  Defense                  Time % Phy DF OF 
 1 Jonathan Ericsson        Stephane Robidas         60     0   5  0  
 2 Matt Smaby               Jeff Woywitka            40     0   5  0  

4 vs 4 Forward 
   Center                   Wing                     Time % Phy DF OF 
 1 Jeff Carter              Martin St. Louis         50     1   2  2  
 2 Kyle Wellwood            Patrick Marleau          50     1   2  2  

4 vs 4 Defense
   Defense                  Defense                  Time % Phy DF OF 
 1 Jonathan Ericsson        Jeff Woywitka            50     1   2  2  
 2 Matt Smaby               Stephane Robidas         50     1   2  2  

Last Minutes Offensive
   Center                   Left Wing                Right Wing               Defense                  Defense                  
   Jeff Carter              Patrick Marleau          Martin St. Louis         Jonathan Ericsson        Jeff Woywitka            

Last Minutes Defensive
   Center                   Left Wing                Right Wing               Defense                  Defense                  
   Matthew Lombardi         Dany Heatley             Blake Wheeler            Jeff Woywitka            Jonathan Ericsson        

Goaltenders
Starting : Robin Lehner             
Backup : Cory Schneider           

Extra Forwards
Normal : Jeff Carter, Martin St. Louis, Patrick Marleau - PP : Jeff Carter, Martin St. Louis - PK : Matthew Lombardi
Extra Defensemen
Normal : Stephane Robidas, Jeff Woywitka, Jonathan Ericsson - PP : Stephane Robidas - PK : Jeff Woywitka, Jonathan Ericsson
Penalty Shots
Patrick Marleau, Dany Heatley, Jeff Carter, Blake Wheeler, Kyle Wellwood

% Time on Ice - Oilers

Lines # - Real PCT - Wanted PCT - Time Play
Normal Forward
1 - 34% - 38% - 14:33
2 - 30% - 37% - 13:00
3 - 21% - 15% - 9:12
4 - 15% - 10% - 6:17
Normal Defense
1 - 44% - 40% - 19:05
2 - 31% - 30% - 13:28
3 - 24% - 25% - 10:29
4 - 0% - 5% - 0:00
PP Forward
1 - 36% - 50% - 2:34
2 - 64% - 50% - 4:29
PP Defense
1 - 81% - 55% - 5:43
2 - 19% - 45% - 1:20
PK Forward
1 - 49% - 50% - 4:49
2 - 51% - 50% - 5:06
PK Defense
1 - 51% - 50% - 5:05
2 - 49% - 50% - 4:50
PK3 Forward
1 - 0% - 50%
2 - 0% - 50%
PK3 Defense
1 - 0% - 50%
2 - 0% - 50%
44 Forward
1 - 0% - 50%
2 - 0% - 50%
44 Defense
1 - 0% - 50%
2 - 0% - 50%
Last Minute Offensive  - 0:00
Last Minute Defensive  - 0:00
Total
Forward - 60:00
Defense - 60:00

% Time on Ice - Flyers

Lines # - Real PCT - Wanted PCT - Time Play
Normal Forward
1 - 32% - 40% - 13:34
2 - 29% - 30% - 12:35
3 - 19% - 15% - 8:19
4 - 20% - 15% - 8:34
Normal Defense
1 - 35% - 40% - 15:10
2 - 38% - 40% - 16:32
3 - 25% - 15% - 10:45
4 - 1% - 5% - 0:35
PP Forward
1 - 52% - 50% - 5:07
2 - 48% - 50% - 4:48
PP Defense
1 - 56% - 50% - 5:34
2 - 44% - 50% - 4:21
PK Forward
1 - 68% - 60% - 4:46
2 - 32% - 40% - 2:17
PK Defense
1 - 60% - 60% - 4:14
2 - 40% - 40% - 2:49
PK3 Forward
1 - 0% - 60%
2 - 0% - 40%
PK3 Defense
1 - 0% - 60%
2 - 0% - 40%
44 Forward
1 - 0% - 50%
2 - 0% - 50%
44 Defense
1 - 0% - 50%
2 - 0% - 50%
Last Minute Offensive  - 0:00
Last Minute Defensive  - 0:00
Total
Forward - 60:00
Defense - 60:00

Play by Play

1st period


0:01 of 1st period - Paul Stastny wins face-off versus Kyle Wellwood in neutral zone.
0:58 of 1st period - Snap shot by Peter Regin.
0:58 of 1st period - Shot Blocked by Jeff Woywitka.
1:16 of 1st period - Snap shot by Mike York.
1:16 of 1st period - Shot Misses the Net.
1:54 of 1st period - Wrist shot by Jeff Carter.
1:54 of 1st period - Stopped by Al Montoya with a rebound.
2:30 of 1st period - Patrick Kaleta is hit by Stephane Robidas and loses puck.
2:59 of 1st period - Patrick Marleau is hit by Paul Stastny and loses puck.
3:14 of 1st period - Snap shot by Dany Heatley.
3:14 of 1st period - Shot Misses the Net.
4:34 of 1st period - Snap shot by Jonathan Toews.
4:34 of 1st period - Shot Blocked by Matt Smaby.
4:36 of 1st period - Slapshot by Ian White.
4:36 of 1st period - Stopped by Robin Lehner without a rebound.
4:37 of 1st period - Jonathan Toews wins face-off versus Martin St. Louis in Flyers zone.
4:44 of 1st period - Wrist shot by Jonathan Toews.
4:44 of 1st period - Stopped by Robin Lehner without a rebound.
4:45 of 1st period - Jeff Carter wins face-off versus Jonathan Toews in Flyers zone.
4:45 of 1st period - Jeff Carter is hit by Jonathan Toews.
5:12 of 1st period - Off-side.
5:13 of 1st period - Kyle Wellwood wins face-off versus Adam Burish in neutral zone.
5:16 of 1st period - Adam Burish is hit by Matt Smaby and loses puck.
5:39 of 1st period - Patrick Kane is hit by Rostislav Olesz.
6:47 of 1st period - Slapshot by Paul Stastny.
6:47 of 1st period - Stopped by Robin Lehner with a rebound.
6:53 of 1st period - Adam Burish is hit by Alexandre Picard and loses puck.
7:50 of 1st period - Wrist shot by Rostislav Olesz.
7:50 of 1st period - Stopped by Al Montoya without a rebound.
7:51 of 1st period - Patrick Marleau wins face-off versus Peter Regin in Oilers zone.
8:06 of 1st period - Snap shot by Ian White.
8:06 of 1st period - Stopped by Robin Lehner without a rebound.
8:07 of 1st period - Paul Stastny wins face-off versus Jeff Carter in Flyers zone.
8:10 of 1st period - Wrist shot by Adam Burish.
8:10 of 1st period - Stopped by Robin Lehner with a rebound.
8:14 of 1st period - Slapshot by Adam Burish.
8:14 of 1st period - Shot Misses the Net.
8:20 of 1st period - Slapshot by Ilya Kovalchuk.
8:20 of 1st period - Shot Blocked by Stephane Robidas.
8:28 of 1st period - Minor Penalty to Jeff Carter for Hooking.
8:29 of 1st period - Adam Burish wins face-off versus Matthew Lombardi in Flyers zone.
8:34 of 1st period - Snap shot by Ilya Kovalchuk.
8:34 of 1st period - Deflect By Adam Burish.
8:34 of 1st period - Shot Misses the Net.
8:34 of 1st period - Puck is out of play.
8:35 of 1st period - Matthew Lombardi wins face-off versus Paul Stastny in Flyers zone.
8:44 of 1st period - Matthew Lombardi is hit by Adam Burish.
10:28 of 1st period - Penalty to Jeff Carter is over, Jeff Carter is back on ice.
10:57 of 1st period - Martin St. Louis is hit by Wayne Simmonds and loses puck.
11:05 of 1st period - Wrist shot by Brian Sutherby.
11:05 of 1st period - Stopped by Robin Lehner with a rebound.
11:35 of 1st period - Wrist shot by Patrick Kane.
11:35 of 1st period - Stopped by Robin Lehner with a rebound.
11:46 of 1st period - Minor Penalty to Brian Sutherby for High sticking.
11:47 of 1st period - Peter Regin wins face-off versus Kyle Wellwood in Oilers zone.
11:47 of 1st period - Peter Regin is hit by Jonathan Ericsson.
13:46 of 1st period - Penalty to Brian Sutherby is over, Brian Sutherby is back on ice.
14:31 of 1st period - Slapshot by Stephane Robidas.
14:31 of 1st period - Shot Misses the Net.
14:40 of 1st period - Icing by Stephane Robidas.
14:41 of 1st period - Jeff O'Neill wins face-off versus Peter Regin in Flyers zone.
14:52 of 1st period - Backhand shot by Matthew Lombardi.
14:52 of 1st period - Shot Misses the Net.
15:06 of 1st period - Jeff Woywitka is hit by Tomas Fleischmann and loses puck.
15:13 of 1st period - Wrist shot by Jonathan Toews.
15:13 of 1st period - Shot Misses the Net.
15:33 of 1st period - Slapshot by Kyle Wellwood.
15:33 of 1st period - Deflect By Patrick Marleau.
15:33 of 1st period - Shot Misses the Net.
15:33 of 1st period - Puck is out of play.
15:34 of 1st period - Paul Stastny wins face-off versus Kyle Wellwood in Oilers zone.
16:00 of 1st period - Minor Penalty to Jeff Carter for Holding Stick.
16:01 of 1st period - Matthew Lombardi wins face-off versus Jonathan Toews in Flyers zone.
16:14 of 1st period - Snap shot by Jonathan Toews.
16:14 of 1st period - Shot Blocked by Jeff Woywitka.
16:16 of 1st period - Slapshot by Ian White.
16:16 of 1st period - Stopped by Robin Lehner without a rebound.
16:17 of 1st period - Matthew Lombardi wins face-off versus Paul Stastny in Flyers zone.
16:17 of 1st period - Matthew Lombardi is hit by Paul Stastny.
16:43 of 1st period - Tomas Fleischmann is hit by Stephane Robidas and loses puck.
16:49 of 1st period - Icing by Patrick Kane.
16:50 of 1st period - Kyle Wellwood wins face-off versus Jonathan Toews in Oilers zone.
18:00 of 1st period - Penalty to Jeff Carter is over, Jeff Carter is back on ice.
18:03 of 1st period - Wrist shot by Patrick Kane.
18:03 of 1st period - Stopped by Robin Lehner with a rebound.
18:05 of 1st period - Snap shot by Jonathan Toews.
18:05 of 1st period - Shot Misses the Net.
18:07 of 1st period - Snap shot by Patrick Kane.
18:07 of 1st period - Stopped by Robin Lehner with a rebound.
18:19 of 1st period - Snap shot by Patrick Kane.
18:19 of 1st period - Shot Misses the Net.
18:21 of 1st period - Backhand shot by Jonathan Toews.
18:21 of 1st period - Shot Blocked by Matt Smaby.
18:23 of 1st period - Snap shot by Jonathan Toews.
18:23 of 1st period - Stopped by Robin Lehner with a rebound.
18:25 of 1st period - Snap shot by Patrick Kane.
18:25 of 1st period - Stopped by Robin Lehner without a rebound.
18:26 of 1st period - Jeff O'Neill wins face-off versus Paul Stastny in Flyers zone.
18:36 of 1st period - Off-side.
18:37 of 1st period - Paul Stastny wins face-off versus Jeff Carter in neutral zone.
18:53 of 1st period - Snap shot by Martin St. Louis.
18:53 of 1st period - Stopped by Al Montoya with a rebound.
19:33 of 1st period - Snap shot by Brian Sutherby.
19:33 of 1st period - Stopped by Robin Lehner without a rebound.
19:34 of 1st period - Jeff Carter wins face-off versus Paul Stastny in Flyers zone.
19:41 of 1st period - Rob Scuderi is hit by Stephane Robidas and loses puck.
Goals for this period are 0 for Oilers vs 0 for Flyers.
Shots for this period are 13 for Oilers vs 3 for Flyers.

2nd period


0:01 of 2nd period - Jonathan Toews wins face-off versus Kyle Wellwood in neutral zone.
0:12 of 2nd period - Slapshot by Jonathan Toews.
0:12 of 2nd period - Shot Misses the Net.
0:14 of 2nd period - Slapshot by Ian White.
0:14 of 2nd period - Shot Misses the Net.
0:16 of 2nd period - Snap shot by Jonathan Toews.
0:16 of 2nd period - Stopped by Robin Lehner without a rebound.
0:17 of 2nd period - Jeff Carter wins face-off versus Paul Stastny in Flyers zone.
0:26 of 2nd period - Snap shot by Jeff Carter.
0:26 of 2nd period - Goal by Jeff Carter - Oilers : 0 - Flyers : 1.
0:27 of 2nd period - Kyle Wellwood wins face-off versus Patrick Kane in neutral zone.
0:44 of 2nd period - Snap shot by Patrick Kane.
0:44 of 2nd period - Stopped by Robin Lehner with a rebound.
0:59 of 2nd period - Wrist shot by Brett Clark.
0:59 of 2nd period - Goal by Brett Clark - Oilers : 1 - Flyers : 1.
1:00 of 2nd period - Patrick Marleau wins face-off versus Adam Burish in neutral zone.
1:27 of 2nd period - Icing by Martin St. Louis.
1:28 of 2nd period - Jeff Carter wins face-off versus Jonathan Toews in Flyers zone.
1:28 of 2nd period - Stephane Robidas is hit by Tomas Fleischmann and loses puck.
1:37 of 2nd period - Slapshot by Stephane Robidas.
1:37 of 2nd period - Deflect By Jeff Carter.
1:37 of 2nd period - Stopped by Al Montoya with a rebound.
2:13 of 2nd period - Backhand shot by Jeff Carter.
2:13 of 2nd period - Stopped by Al Montoya without a rebound.
2:14 of 2nd period - Paul Stastny wins face-off versus Kyle Wellwood in Oilers zone.
2:27 of 2nd period - Snap shot by Kyle Wellwood.
2:27 of 2nd period - Shot Blocked by Zach Bogosian.
2:29 of 2nd period - Slapshot by Matt Smaby.
2:29 of 2nd period - Stopped by Al Montoya without a rebound.
2:30 of 2nd period - Paul Stastny wins face-off versus Kyle Wellwood in Oilers zone.
2:37 of 2nd period - Wrist shot by Kyle Wellwood.
2:37 of 2nd period - Stopped by Al Montoya with a rebound.
2:39 of 2nd period - Slapshot by Matt Smaby.
2:39 of 2nd period - Stopped by Al Montoya with a rebound.
2:41 of 2nd period - Snap shot by Patrick Marleau.
2:41 of 2nd period - Deflect By Blake Wheeler.
2:41 of 2nd period - Shot Misses the Net.
2:41 of 2nd period - Puck is out of play.
2:42 of 2nd period - Kyle Wellwood wins face-off versus Jonathan Toews in Oilers zone.
2:43 of 2nd period - Snap shot by Patrick Marleau.
2:43 of 2nd period - Stopped by Al Montoya with a rebound.
2:51 of 2nd period - Jeff Woywitka is hit by Patrick Kane and loses puck.
3:08 of 2nd period - Martin St. Louis is hit by Adam Burish and loses puck.
3:57 of 2nd period - Snap shot by Michael Ryder.
3:57 of 2nd period - Shot Misses the Net.
4:56 of 2nd period - Snap shot by Patrick Kaleta.
4:56 of 2nd period - Stopped by Robin Lehner without a rebound.
4:57 of 2nd period - Kyle Wellwood wins face-off versus Jonathan Toews in Flyers zone.
4:57 of 2nd period - Kyle Wellwood is hit by Tomas Fleischmann.
5:14 of 2nd period - Off-side.
5:15 of 2nd period - Jeff Carter wins face-off versus Paul Stastny in neutral zone.
5:30 of 2nd period - Slapshot by Ian White.
5:30 of 2nd period - Shot Misses the Net.
6:25 of 2nd period - Wrist shot by Brian Sutherby.
6:25 of 2nd period - Stopped by Robin Lehner with a rebound.
7:26 of 2nd period - Ian White is hit by Dany Heatley and loses puck.
7:49 of 2nd period - Wrist shot by Michael Ryder.
7:49 of 2nd period - Shot Misses the Net.
7:51 of 2nd period - Minor Penalty to Paul Stastny for Hooking.
7:52 of 2nd period - Peter Regin wins face-off versus Jeff Carter in Oilers zone.
8:09 of 2nd period - Wrist shot by Jeff Carter.
8:09 of 2nd period - Stopped by Al Montoya with a rebound.
9:19 of 2nd period - Alexandre Picard is hit by Brett Clark and loses puck.
9:51 of 2nd period - Penalty to Paul Stastny is over, Paul Stastny is back on ice.
10:19 of 2nd period - Slapshot by Mike York.
10:19 of 2nd period - Stopped by Al Montoya with a rebound.
10:27 of 2nd period - Patrick Kane is hit by Michael Ryder and loses puck.
11:34 of 2nd period - Brett Clark is hit by Stephane Robidas and loses puck.
11:45 of 2nd period - Snap shot by Martin St. Louis.
11:45 of 2nd period - Stopped by Al Montoya with a rebound.
12:27 of 2nd period - Wayne Simmonds is hit by Matt Smaby.
12:37 of 2nd period - Minor Penalty to Wayne Simmonds for Slashing.
12:38 of 2nd period - Peter Regin wins face-off versus Jeff Carter in Oilers zone.
12:38 of 2nd period - Peter Regin is hit by Dany Heatley.
13:15 of 2nd period - Steve Begin is hit by Patrick Marleau and loses puck.
14:37 of 2nd period - Penalty to Wayne Simmonds is over, Wayne Simmonds is back on ice.
14:46 of 2nd period - Snap shot by Mike York.
14:46 of 2nd period - Stopped by Al Montoya with a rebound.
14:48 of 2nd period - Minor Penalty to Tomas Fleischmann for Interference.
14:49 of 2nd period - Jeff Carter wins face-off versus Brian Sutherby in Oilers zone.
15:06 of 2nd period - Ian White is hit by Matt Smaby.
16:37 of 2nd period - Icing by Dany Heatley.
16:38 of 2nd period - Adam Burish wins face-off versus Jeff O'Neill in Flyers zone.
16:48 of 2nd period - Penalty to Tomas Fleischmann is over, Tomas Fleischmann is back on ice.
17:17 of 2nd period - Wrist shot by Michael Ryder.
17:17 of 2nd period - Stopped by Al Montoya without a rebound.
17:18 of 2nd period - Jeff O'Neill wins face-off versus Paul Stastny in Oilers zone.
17:21 of 2nd period - Wrist shot by Jeff O'Neill.
17:21 of 2nd period - Stopped by Al Montoya without a rebound.
17:22 of 2nd period - Paul Stastny wins face-off versus Michael Ryder in Oilers zone.
17:31 of 2nd period - Wrist shot by Ilya Kovalchuk.
17:31 of 2nd period - Shot Misses the Net.
17:34 of 2nd period - Icing by Robyn Regehr.
17:35 of 2nd period - Jeff O'Neill wins face-off versus Paul Stastny in Flyers zone.
18:00 of 2nd period - Kyle Wellwood is hit by Patrick Kane and loses puck.
19:09 of 2nd period - Wrist shot by Evgeny Dadonov.
19:09 of 2nd period - Shot Misses the Net.
19:11 of 2nd period - Backhand shot by Ian White.
19:11 of 2nd period - Stopped by Robin Lehner without a rebound.
19:12 of 2nd period - Kyle Wellwood wins face-off versus Brian Sutherby in Flyers zone.
19:37 of 2nd period - Stephane Robidas is hit by Adam Burish and loses puck.
19:46 of 2nd period - Paul Stastny is hit by Jonathan Ericsson and loses puck.
Goals for this period are 1 for Oilers vs 1 for Flyers.
Shots for this period are 6 for Oilers vs 13 for Flyers.

3rd period


0:01 of 3rd period - Paul Stastny wins face-off versus Kyle Wellwood in neutral zone.
0:19 of 3rd period - Minor Penalty to Adam Burish for Holding.
0:20 of 3rd period - Peter Regin wins face-off versus Kyle Wellwood in Oilers zone.
0:52 of 3rd period - Steve Begin is hit by Jonathan Ericsson and loses puck.
2:19 of 3rd period - Penalty to Adam Burish is over, Adam Burish is back on ice.
2:35 of 3rd period - Wrist shot by Patrick Kane.
2:35 of 3rd period - Stopped by Robin Lehner without a rebound.
2:36 of 3rd period - Jonathan Toews wins face-off versus Jeff O'Neill in Flyers zone.
2:41 of 3rd period - Wrist shot by Patrick Kane.
2:41 of 3rd period - Stopped by Robin Lehner with a rebound.
2:44 of 3rd period - Icing by Alexandre Picard.
2:45 of 3rd period - Jeff O'Neill wins face-off versus Patrick Kane in Flyers zone.
2:54 of 3rd period - Tomas Fleischmann is hit by Alexandre Picard and loses puck.
3:13 of 3rd period - Slapshot by Michael Ryder.
3:13 of 3rd period - Shot Misses the Net.
3:15 of 3rd period - Wrist shot by Jeff O'Neill.
3:15 of 3rd period - Stopped by Al Montoya with a rebound.
3:17 of 3rd period - Slapshot by Alexandre Picard.
3:17 of 3rd period - Stopped by Al Montoya without a rebound.
3:18 of 3rd period - Paul Stastny wins face-off versus Kyle Wellwood in Oilers zone.
3:18 of 3rd period - Paul Stastny is hit by Jeff Woywitka.
3:45 of 3rd period - Minor Penalty to Matt Smaby for Holding.
3:46 of 3rd period - Matthew Lombardi wins face-off versus Paul Stastny in Flyers zone.
4:14 of 3rd period - Off-side.
4:15 of 3rd period - Jonathan Toews wins face-off versus Matthew Lombardi in neutral zone.
4:30 of 3rd period - Snap shot by Patrick Kane.
4:30 of 3rd period - Shot Blocked by Jonathan Ericsson.
4:38 of 3rd period - Backhand shot by Patrick Kane.
4:38 of 3rd period - Stopped by Robin Lehner with a rebound.
4:40 of 3rd period - Snap shot by Tomas Fleischmann.
4:40 of 3rd period - Shot Misses the Net.
4:42 of 3rd period - Backhand shot by Jonathan Toews.
4:42 of 3rd period - Shot Blocked by Matthew Lombardi.
5:13 of 3rd period - Slapshot by Zach Bogosian.
5:13 of 3rd period - Shot Blocked by Stephane Robidas.
5:45 of 3rd period - Penalty to Matt Smaby is over, Matt Smaby is back on ice.
5:47 of 3rd period - Slapshot by Patrick Kane.
5:47 of 3rd period - Deflect By Tomas Fleischmann.
5:47 of 3rd period - Shot Blocked by Jeff Woywitka.
5:47 of 3rd period - Puck is out of play.
5:48 of 3rd period - Kyle Wellwood wins face-off versus Paul Stastny in Flyers zone.
5:57 of 3rd period - Slapshot by Ilya Kovalchuk.
5:57 of 3rd period - Shot Misses the Net.
5:59 of 3rd period - Slapshot by Adam Burish.
5:59 of 3rd period - Stopped by Robin Lehner without a rebound.
6:00 of 3rd period - Kyle Wellwood wins face-off versus Paul Stastny in Flyers zone.
6:00 of 3rd period - Kyle Wellwood is hit by Paul Stastny.
6:10 of 3rd period - Snap shot by Kyle Wellwood.
6:10 of 3rd period - Shot Misses the Net.
6:35 of 3rd period - Off-side.
6:36 of 3rd period - Dany Heatley wins face-off versus Paul Stastny in neutral zone.
6:39 of 3rd period - Ilya Kovalchuk is hit by Jeff Carter and loses puck.
7:02 of 3rd period - Patrick Marleau is hit by Steve Begin and loses puck.
7:28 of 3rd period - Jeff Woywitka is hit by Peter Regin and loses puck.
7:55 of 3rd period - Slapshot by Kyle Wellwood.
7:55 of 3rd period - Stopped by Al Montoya without a rebound.
7:56 of 3rd period - Jonathan Toews wins face-off versus Jeff Carter in Oilers zone.
8:02 of 3rd period - Off-side.
8:03 of 3rd period - Jeff Carter wins face-off versus Jonathan Toews in neutral zone.
8:16 of 3rd period - Slapshot by Zach Bogosian.
8:16 of 3rd period - Stopped by Robin Lehner without a rebound.
8:17 of 3rd period - Paul Stastny wins face-off versus Jeff Carter in Flyers zone.
8:51 of 3rd period - Slapshot by Jonathan Toews.
8:51 of 3rd period - Shot Blocked by Jonathan Ericsson.
8:59 of 3rd period - Minor Penalty to Stephane Robidas for High sticking.
9:00 of 3rd period - Paul Stastny wins face-off versus Matthew Lombardi in Flyers zone.
9:12 of 3rd period - Off-side.
9:13 of 3rd period - Paul Stastny wins face-off versus Matthew Lombardi in neutral zone.
9:49 of 3rd period - Backhand shot by Patrick Kane.
9:49 of 3rd period - Goal by Patrick Kane - Oilers : 2 - Flyers : 1.
9:50 of 3rd period - Kyle Wellwood wins face-off versus Paul Stastny in neutral zone.
10:20 of 3rd period - Wrist shot by Martin St. Louis.
10:20 of 3rd period - Shot Misses the Net.
10:31 of 3rd period - Minor Penalty to Dany Heatley for Slashing.
10:32 of 3rd period - Paul Stastny wins face-off versus Matthew Lombardi in Flyers zone.
10:47 of 3rd period - Slapshot by Ilya Kovalchuk.
10:47 of 3rd period - Goal by Ilya Kovalchuk - Oilers : 3 - Flyers : 1.
10:48 of 3rd period - Kyle Wellwood wins face-off versus Paul Stastny in neutral zone.
10:57 of 3rd period - Wrist shot by Kyle Wellwood.
10:57 of 3rd period - Shot Misses the Net.
11:15 of 3rd period - Zach Bogosian is hit by Martin St. Louis and loses puck.
12:42 of 3rd period - Robyn Regehr is hit by Jonathan Toews and loses puck.
13:08 of 3rd period - Slapshot by Matt Smaby.
13:08 of 3rd period - Stopped by Al Montoya with a rebound.
13:10 of 3rd period - Snap shot by Jeff Carter.
13:10 of 3rd period - Stopped by Al Montoya with a rebound.
13:12 of 3rd period - Slapshot by Jeff Woywitka.
13:12 of 3rd period - Stopped by Al Montoya without a rebound.
13:13 of 3rd period - Kyle Wellwood wins face-off versus Paul Stastny in Oilers zone.
13:24 of 3rd period - Backhand shot by Ilya Kovalchuk.
13:24 of 3rd period - Stopped by Robin Lehner with a rebound.
13:26 of 3rd period - Snap shot by Adam Burish.
13:26 of 3rd period - Shot Blocked by Stephane Robidas.
13:28 of 3rd period - Wrist shot by Ilya Kovalchuk.
13:28 of 3rd period - Shot Misses the Net.
14:24 of 3rd period - Slapshot by Kyle Wellwood.
14:24 of 3rd period - Shot Blocked by T.J. Fast.
14:26 of 3rd period - Wrist shot by Kyle Wellwood.
14:26 of 3rd period - Stopped by Al Montoya with a rebound.
14:28 of 3rd period - Wrist shot by Kyle Wellwood.
14:28 of 3rd period - Shot Blocked by T.J. Fast.
14:30 of 3rd period - Slapshot by Matt Smaby.
14:30 of 3rd period - Stopped by Al Montoya with a rebound.
14:32 of 3rd period - Slapshot by Matt Smaby.
14:32 of 3rd period - Shot Blocked by T.J. Fast.
14:38 of 3rd period - Snap shot by Kyle Wellwood.
14:38 of 3rd period - Stopped by Al Montoya without a rebound.
14:39 of 3rd period - Paul Stastny wins face-off versus Jeff Carter in Oilers zone.
15:09 of 3rd period - Off-side.
15:10 of 3rd period - Matthew Lombardi wins face-off versus Brian Sutherby in neutral zone.
15:23 of 3rd period - Wrist shot by Matthew Lombardi.
15:23 of 3rd period - Stopped by Al Montoya without a rebound.
15:24 of 3rd period - Jeff O'Neill wins face-off versus Paul Stastny in Oilers zone.
15:39 of 3rd period - Wrist shot by Mike York.
15:39 of 3rd period - Stopped by Al Montoya with a rebound.
15:58 of 3rd period - Wrist shot by Stefan Ruzicka.
15:58 of 3rd period - Shot Misses the Net.
16:16 of 3rd period - Ian White is hit by Matt Smaby and loses puck.
16:28 of 3rd period - Off-side.
16:29 of 3rd period - Kyle Wellwood wins face-off versus Peter Regin in neutral zone.
16:54 of 3rd period - Jonathan Ericsson is hit by Adam Burish and loses puck.
17:18 of 3rd period - Snap shot by Michael Ryder.
17:18 of 3rd period - Shot Misses the Net.
17:20 of 3rd period - Wrist shot by Mike York.
17:20 of 3rd period - Shot Misses the Net.
18:24 of 3rd period - Slapshot by Ilya Kovalchuk.
18:24 of 3rd period - Stopped by Robin Lehner without a rebound.
18:25 of 3rd period - Jonathan Toews wins face-off versus Jeff O'Neill in Flyers zone.
18:30 of 3rd period - Icing by Jonathan Ericsson.
18:31 of 3rd period - Jonathan Toews wins face-off versus Jeff O'Neill in Flyers zone.
18:36 of 3rd period - Wrist shot by Jonathan Toews.
18:36 of 3rd period - Stopped by Robin Lehner with a rebound.
19:04 of 3rd period - Wrist shot by Rostislav Olesz.
19:04 of 3rd period - Shot Misses the Net.
19:06 of 3rd period - Slapshot by Jonathan Ericsson.
19:06 of 3rd period - Stopped by Al Montoya without a rebound.
19:07 of 3rd period - Jeff O'Neill wins face-off versus Paul Stastny in Oilers zone.
19:12 of 3rd period - Wrist shot by Michael Ryder.
19:12 of 3rd period - Stopped by Al Montoya without a rebound.
19:13 of 3rd period - Paul Stastny wins face-off versus Jeff O'Neill in Oilers zone.
19:19 of 3rd period - Snap shot by Mike York.
19:19 of 3rd period - Shot Misses the Net.
19:53 of 3rd period - Slapshot by Matt Smaby.
19:53 of 3rd period - Shot Blocked by Rob Scuderi.
Goals for this period are 2 for Oilers vs 0 for Flyers.
Shots for this period are 10 for Oilers vs 13 for Flyers.


Output by the SimonT Hockey Simulator (STHS) for François Prévost -- Original Page W3C XHTML 1.0 Valid
Hockey Simulator - Hockey Simulation - Hockey Manager